 Dungeon Crawl Stone Soup version 0.17.1-3-g152610e (webtiles) character file.

98032 juanjsm the Eclecticist (level 15, -8/68 HPs)
             Began as a Spriggan Venom Mage on Apr 22, 2016.
             Was the Champion of Vehumet.
             Shot with an arrow by a satyr (27 damage)
             ... on level 2 of the Shoals on Apr 25, 2016.
             The game lasted 05:27:51 (32088 turns).

juanjsm the Eclecticist (Spriggan Venom Mage)      Turns: 32088, Time: 05:27:51

Health: -8/68      AC:  5    Str:  4    XL:     15   Next: 73%
Magic:  10/38      EV: 16    Int: 29    God:    Vehumet [******]
Gold:   2221       SH:  0    Dex: 17    Spells: 12 memorised, 0 levels left

rFire  . . .     SeeInvis +     S - +7 dagger (venom)
rCold  + . .     Clarity  .     Y - +0 robe {rC+}
rNeg   . . .     SustAt   .     (shield restricted)
rPois  +         Gourm    .     (helmet restricted)
rElec  .         Spirit   .     a - +2 cloak {rPois}
rCorr  .         Warding  .     (gloves unavailable)
rMut   .         Stasis   .     (boots unavailable)
MR     ++...                    (no amulet)
Stlth  ++++++++..               m - +6 ring of intelligence
                                i - +4 ring of evasion

@: manticore barbs, held, very quick, very resistant to hostile enchantments,
extraordinarily stealthy
A: unfitting armour, see invisible, herbivore 3, speed 3, slow metabolism 2
a: Renounce Religion


You were on level 2 of the Shoals.
You worshipped Vehumet.
Vehumet was exalted by your worship.
You were not hungry.

You visited 5 branches of the dungeon, and saw 30 of its levels.
You also visited: Bailey.

You collected 3179 gold pieces.
You spent 958 gold pieces at shops.

Inventory:

Hand Weapons
 p - a +0 hunting sling
 S - a +7 dagger of venom (weapon)
Missiles
 R - 92 sling bullets (quivered)
Armour
 a - a +2 cloak of poison resistance (worn)
 e - a +0 buckler
 Y - a +0 robe of cold resistance (worn)
Jewellery
 b - an uncursed ring of magical power {unknown}
 i - a +4 ring of evasion (left hand)
 m - a +6 ring of intelligence (right hand)
Wands
 t - a wand of polymorph (19)
 u - a wand of lightning (5)
 D - a wand of hasting (4)
 L - a wand of fire (11)
 O - a wand of fireball (6)
 W - a wand of heal wounds (6)
Scrolls
 h - 4 scrolls of recharging
 n - 3 scrolls of fog
 q - 3 scrolls of blinking
 v - 12 scrolls of remove curse
 w - a scroll of amnesia
 y - 5 scrolls of fear
 F - a scroll of summoning
 M - 6 scrolls of teleportation
 Q - a scroll of holy word
 U - 2 scrolls of magic mapping
Potions
 d - 3 potions of cancellation
 f - 6 potions of might
 j - 2 potions of haste
 k - a potion of ambrosia
 o - 3 potions of agility
 r - 2 potions of resistance
 s - a potion of flight
 x - 4 potions of mutation
 z - 6 potions of brilliance
 B - 6 potions of heal wounds
 C - 3 potions of lignification
 E - a potion of magic
 H - 3 potions of curing
 K - a potion of cure mutation {unknown}
 N - 2 potions of invisibility
 X - a potion of experience {unknown}
Books
 g - a book of Air

   Spells                             Type                      Level
   a - Shock                          Conjuration/Air              1
   b - Swiftness                      Charms/Air                   2
   c - Repel Missiles                 Charms/Air                   2
   d - Static Discharge               Conjuration/Air              3
   e - Lightning Bolt                 Conjuration/Air              5
 I - a book of the Dragon

   Spells                             Type                      Level
   a - Flame Tongue                   Conjuration/Fire             1
   b - Cause Fear                     Hexes                        4
   c - Bolt of Fire                   Conjuration/Fire             6
   d - Dragon Form                    Transmutation                7
   e - Dragon's Call                  Summoning                    9
 J - a book of the Warp

   Spells                             Type                      Level
   a - Recall                         Summoning/Translocation      3
   b - Gell's Gravitas                Hexes/Translocation          3
   c - Force Lance                    Conjuration/Translocation    4
   d - Phase Shift                    Translocation                5
   e - Warp Weapon                    Charms/Translocation         5
   f - Summon Forest                  Summoning/Translocation      5
Miscellaneous
 l - a lantern of shadows
 G - a sack of spiders
Comestibles
 c - 10 bread rations
 A - 37 fruits


   Skills:
 + Level 3.5 Fighting
 + Level 5.1 Short Blades
 + Level 1.2 Slings
 + Level 11.5 Dodging
 + Level 18.6 Stealth
 * Level 1.6 Shields
 - Level 0.1 Unarmed Combat
 * Level 18.9 Spellcasting
 * Level 9.0 Conjurations
 + Level 4.0 Hexes
 + Level 4.7 Ice Magic
 - Level 0.3 Air Magic
 + Level 8.7 Poison Magic
 * Level 6.9 Evocations


You couldn't memorise any spells.
You knew the following spells:

 Your Spells              Type           Power        Failure   Level  Hunger
a - Sting                 Conj/Pois      ####         1%          1    None
b - Cure Poison           Pois           ######....   1%          2    None
c - Mephitic Cloud        Conj/Pois/Air  ######..     1%          3    None
d - Venom Bolt            Conj/Pois      ######....   1%          5    None
e - Confuse               Hex            ######..     1%          3    None
f - Ensorcelled Hibernat  Hex/Ice        ######       1%          2    None
g - Dazzling Spray        Conj/Hex       ######..     1%          3    None
h - Orb of Destruction    Conj           ######....   10%         7    ####...
i - Poison Arrow          Conj/Pois      ######....   2%          6    None
j - Invisibility          Hex            ######..     50%         6    None
k - Poisonous Cloud       Conj/Pois/Air  ######....   5%          6    None
l - Delayed Fireball      Conj/Fire      N/A          75%         7    ####...


Dungeon Overview and Level Annotations

Branches:
Dungeon (15/15)            Temple (1/1) D:4            Lair (8/8) D:9
 Shoals (2/4) Lair:5       Spider (0/4) Lair:4        Slime (0/6) Lair:8
    Orc (4/4) D:12            Elf (0/3) Orc:3        Vaults (0/5) D:13
 Depths (0/5) D:15

Altars:
Ashenzari
Cheibriados
Dithmenos
Elyvilon
Fedhas
Gozag
Kikubaaqudgha
Makhleb
Nemelex Xobeh
Okawaru
Qazlal
Ru
Sif Muna
Trog
Vehumet
Xom
Yredelemnul
Zin
The Shining One
Jiyva

Shops:
D:8 :   Orc:3 %   Orc:4 (?[:

Annotations:
D:3 Natasha; bollicks1999's ghost, amateur OpAs
D:4 Sigmund; Tobisume's ghost, amateur FoFi
D:5 ThereIsNoGod's ghost, novice MiFi
D:12 Azrael


Innate Abilities, Weirdness & Mutations

You are tiny and cannot use many weapons and most armour.
You have supernaturally acute eyesight.
You are a herbivore.
You cover ground extremely quickly.
You need consume almost no food.


Message History

You hear a splash.
The satyr shoots an arrow.
The arrow hits you!
* * * LOW HITPOINT WARNING * * *
Drink which item? (? for menu, Esc to quit)
You feel much better.
The merfolk is engulfed in noxious fumes.
The merfolk appears confused.
The faun is engulfed in poison gas.
The faun looks even sicker.
The faun shoots a stone.
The stone hits you!
The faun is engulfed in poison gas.
The faun looks even sicker.
The faun shoots a stone.
The stone hits you!
* * * LOW HITPOINT WARNING * * *
The merfolk is engulfed in noxious fumes.
Casting: Poison Arrow
Confirm with . or Enter, or press ? or * to list all spells.
Aiming: Poison Arrow
Press: ? - help, Shift-Dir - straight line, f - satyr
Aim: a satyr, wielding a longbow The poison arrow misses the satyr.
The satyr shoots an arrow.
The arrow hits you!!
You die...

#≈≈≈≈≈..###..##....(≈.###≈≈≈≈
#≈≈≈≈≈.## #..###..≈≈≈≈≈...≈≈≈
#≈≈≈≈.## #..###..≈≈≈≈≈≈..≈≈≈
#≈≈≈≈.# ##...##..≈≈≈≈≈≈≈..≈≈
#≈≈≈≈.####.≈.##..≈≈≈≈≈≈≈≈≈≈≈≈
#≈≈≈≈≈...≈(≈.....≈≈≈≈≈≈≈≈≈≈≈
#≈≈≈≈≈≈≈≈≈≈≈≈≈≈§§≈≈≈≈≈.≈≈≈≈≈
#≈≈≈≈≈≈≈≈≈(≈≈.>§§m≈≈≈.?≈≈≈.
#≈≈≈≈≈≈≈≈≈≈≈@..##.≈≈≈≈≈m≈≈
#≈≈≈≈≈≈≈≈≈..≈.###.≈.≈≈≈.≈
#≈≈≈≈≈≈≈≈≈≈≈≈....
#≈≈≈≈≈≈≈≈≈≈≈≈..§§§.
#≈≈≈≈≈≈≈≈≈≈≈.)#§§c..
≈≈≈≈≈≈≈≈≈≈≈..§§c.. #....
≈≈≈≈≈≈≈.≈≈.§.(c... #...≈
≈≈≈≈≈.≈≈..........###..≈≈
≈/.≈ ......≈Y


You could see a satyr, a merfolk (confused) and 2 fauns.

Vanquished Creatures
  Maud (Lair:3)
  3 dire elephants (Lair:8)
  Snorg (Orc:3)
  An ettin (D:15)
  A merfolk impaler (Shoals:2)
  4 vault guards (D:13)
  An ice dragon (D:13)
  7 hydras
  Harold (D:10)
  An anaconda (shapeshifter) (D:15)
  An ogre mage (D:15)
  Erica (D:11)
  3 centaur warriors
  A rakshasa (D:15)
  2 tengu warriors
  10 death yaks
  An anaconda (Lair:8)
  Sonja (D:14)
  Nergalle (Lair:3)
  An orc high priest (Orc:4)
  An unseen horror (D:10)
  A deep troll (D:15)
  2 sea snakes (Shoals:1)
  4 hill giants
  An unseen horror (shapeshifter) (D:13)
  A lindwurm (Orc:4)
  Pikel (D:9)
  3 orc knights
  2 wolf spider zombies
  3 griffons
  4 ugly things (D:14)
  8 cyclopes
  3 manticores
  3 water nymphs
  4 orc sorcerers (Orc:4)
  17 elephants
  3 centaur zombies
  Maurice (D:10)
  A black mamba (Lair:5)
  A siren (Lair:5)
  Joseph (D:9)
  13 spiny frogs
  3 gargoyles
  3 centaur skeletons
  A redback zombie (D:15)
  A kobold demonologist (D:12)
  4 komodo dragons
  A fire drake (Lair:2)
  4 slime creatures (D:15)
  A polar bear (Lair:7)
  A merfolk (Shoals:2)
  12 trolls
  5 tengu conjurers
  A wind drake (Shoals:1)
  2 snapping turtles
  2 two-headed ogres
  17 blink frogs
  A trapdoor spider zombie (D:9)
  3 wraiths
  2 shadows (D:14)
  A wyvern (D:14)
  3 deep elf magi
  2 basilisks
  A vampire mosquito (D:13)
  A spriggan (Lair:7)
  42 yaks
  A hungry ghost (D:14)
  13 wolves
  9 hippogriffs
  A wasp (D:10)
  5 sky beasts
  2 wargs
  18 water moccasins
  A phantom (D:14)
  2 ice beasts
  12 porcupines
  A slave (D:9)
  37 orc warriors
  8 spiders (Lair:4)
  A black bear (Lair:7)
  A necrophage (D:10)
  12 crocodiles
  A centaur (D:9)
  9 ogres
  A brain worm (D:12)
  12 giant frogs
  7 big kobolds
  2 gnoll sergeants
  28 wights
  5 killer bees
  A giant frog zombie (D:12)
  A wasp zombie (D:12)
  2 jellies
  6 crimson imps
  29 orc priests
  2 giant frog skeletons
  2 hounds
  53 orc wizards
  9 iguanas
  9 worker ants
  19 sheep
  2 hound zombies (D:5)
  A hound skeleton (D:9)
  3 worker ant zombies
  21 gnolls
  40 river rats
  3 white imps (Lair:4)
  18 adders
  3 shadow imps
  2 oozes
  An adder skeleton (D:6)
  An adder zombie (D:5)
  3 worms
  3 giant geckos
  175 orcs
  2 ball pythons
  3 giant cockroaches
  5 goblins
  19 hobgoblins
  20 kobolds
  3 quokkas
  A ball python skeleton (D:6)
  8 bats
  A giant gecko zombie (D:5)
  5 giant newts
  22 jackals
  8 rats
  5 plants (Lair:8)
935 creatures vanquished.

Vanquished Creatures (collateral kills)
  2 killer bees (D:10)
  Natasha (D:3)
  An orc (D:11)
4 creatures vanquished.

Vanquished Creatures (others)
  A slave (D:9)
  An adder zombie (D:6)
  A giant gecko (D:6)
  A bat (D:9)
  2 rats (D:9)
  23 fungi
  11 plants
  17 tentacles (Shoals:1)
  200 tentacle segments (Shoals:1)
  11 toadstools (Lair:6)
268 creatures vanquished.

Grand Total: 1207 creatures vanquished

Notes
Turn   | Place    | Note
--------------------------------------------------------------
     0 | D:1      | juanjsm the Spriggan Venom Mage began the quest for the Orb.
     0 | D:1      | Reached XP level 1. HP: 9/9 MP: 5/5
   215 | D:1      | Reached XP level 2. HP: 10/13 MP: 0/6
   219 | D:1      | Learned a level 2 spell: Cure Poison
   739 | D:2      | Reached XP level 3. HP: 12/16 MP: 2/8
   749 | D:2      | Learned a level 3 spell: Mephitic Cloud
   902 | D:2      | Found an iron altar of Okawaru.
  1174 | D:2      | Reached XP level 4. HP: 21/21 MP: 9/9
  1223 | D:2      | Found a shimmering altar of Xom.
  1272 | D:2      | Found a shadowy altar of Dithmenos.
  1422 | D:3      | Noticed bollicks1999's ghost (amateur OpAs)
  1461 | D:3      | Noticed Natasha
  1479 | D:3      | Killed Natasha
  1545 | D:2      | Reached skill level 1 in Shields
  2390 | D:3      | Reached XP level 5. HP: 24/24 MP: 0/11
  2397 | D:3      | Learned a level 5 spell: Venom Bolt
  2442 | D:4      | Noticed Tobisume's ghost (amateur FoFi)
  2648 | D:3      | Noticed Natasha
  2727 | D:5      | Entered Level 5 of the Dungeon
  2729 | D:5      | Reached skill level 1 in Conjurations
  2769 | D:4      | Found a shattered altar of Ashenzari.
  2894 | D:4      | Reached skill level 5 in Stealth
  3169 | D:4      | Found a staircase to the Ecumenical Temple.
  3183 | Temple   | Entered the Ecumenical Temple
  3436 | D:4      | Noticed Sigmund
  3819 | D:7      | Noticed an ogre
  4029 | D:5      | Noticed an ogre
  4062 | D:5      | Killed an ogre
  4062 | D:5      | Reached XP level 6. HP: 28/28 MP: 0/13
  4118 | D:5      | Noticed ThereIsNoGod's ghost (novice MiFi)
  4256 | D:6      | Found an opulent altar of Gozag.
  4426 | D:7      | Reached skill level 6 in Stealth
  4480 | D:7      | Killed an ogre
  4480 | D:7      | Reached skill level 5 in Spellcasting
  4600 | D:6      | Found a sacrificial altar of Ru.
  4664 | D:6      | Found a radiant altar of Vehumet.
  4941 | D:6      | Reached XP level 7. HP: 30/32 MP: 10/15
  5044 | D:6      | Became a worshipper of Vehumet
  5528 | D:6      | Noticed an ice beast
  6033 | D:7      | Noticed a sky beast
  6066 | D:7      | Noticed an ogre
  6151 | D:7      | Killed an ogre
  6151 | D:7      | Reached skill level 5 in Dodging
  6153 | D:7      | Reached skill level 1 in Short Blades
  6153 | D:7      | Reached skill level 5 in Poison Magic
  6168 | D:7      | Reached * piety under Vehumet
  6168 | D:7      | Offered knowledge of Flame Tongue by Vehumet.
  6513 | D:8      | Found Lyffyuno's Book Boutique.
  6787 | D:8      | Killed a sky beast
  6787 | D:8      | Reached XP level 8. HP: 27/37 MP: 10/18
  6876 | D:8      | Reached skill level 1 in Fighting
  7004 | D:8      | Bought a book of Maledictions for 300 gold pieces
  7008 | D:8      | Learned a level 3 spell: Confuse
  7176 | D:9      | Noticed a two-headed ogre
  7578 | D:3      | Found a glowing golden altar of the Shining One.
  7598 | D:2      | Learned a level 2 spell: Ensorcelled Hibernation
  7602 | D:2      | Learned a level 3 spell: Dazzling Spray
  7732 | D:3      | Reached skill level 7 in Stealth
  8195 | D:5      | Reached skill level 1 in Hexes
  8297 | D:5      | Found a blossoming altar of Fedhas.
  8408 | D:5      | Reached ** piety under Vehumet
  8444 | D:5      | Offered knowledge of Magic Dart by Vehumet.
  8886 | D:8      | Reached skill level 8 in Spellcasting
  8950 | D:9      | Reached XP level 9. HP: 23/41 MP: 2/22
  9354 | D:9      | Noticed Pikel
  9359 | D:9      | Offered knowledge of Static Discharge by Vehumet.
  9394 | D:9      | Killed Pikel
  9394 | D:9      | Reached skill level 9 in Spellcasting
  9506 | D:9      | Found a staircase to the Lair.
  9562 | D:9      | Noticed Joseph
  9731 | D:10     | Entered Level 10 of the Dungeon
  9835 | D:9      | Reached *** piety under Vehumet
  9949 | D:9      | Noticed a two-headed ogre
  9955 | D:9      | Killed a two-headed ogre
 10082 | D:9      | HP: 2/41 [Joseph/uncursed quarterstaff of speed (14)]
 10085 | D:9      | Killed Joseph
 10085 | D:9      | Reached skill level 1 in Ice Magic
 10452 | Lair:1   | Entered Level 1 of the Lair of Beasts
 10613 | Lair:1   | Found a sparkling altar of Nemelex Xobeh.
 10631 | Lair:1   | Noticed a four-headed hydra
 10729 | Lair:1   | Reached XP level 10. HP: 44/46 MP: 5/24
 10748 | Lair:1   | Reached skill level 10 in Spellcasting
 10845 | Lair:1   | Noticed a spiny frog
 10848 | Lair:1   | Killed a spiny frog
 10894 | Lair:1   | Noticed a spiny frog
 10926 | Lair:1   | Killed a spiny frog
 10937 | Lair:1   | Offered knowledge of Sticky Flame by Vehumet.
 11206 | Lair:1   | Killed a four-headed hydra
 11206 | Lair:1   | Reached skill level 10 in Stealth
 11206 | Lair:1   | Reached skill level 11 in Spellcasting
 11289 | Lair:2   | Noticed a spiny frog
 11291 | Lair:2   | Noticed a six-headed hydra
 11435 | Lair:2   | Noticed a six-headed hydra
 11450 | Lair:2   | Killed a six-headed hydra
 11550 | Lair:2   | Reached skill level 5 in Conjurations
 11562 | Lair:2   | Reached skill level 12 in Spellcasting
 11624 | Lair:2   | Reached XP level 11. HP: 31/50 MP: 4/28
 11999 | Lair:2   | Killed a spiny frog
 12009 | Lair:2   | Killed a six-headed hydra
 12505 | Lair:3   | Noticed Nergalle
 12624 | Lair:3   | Reached **** piety under Vehumet
 12642 | Lair:3   | Offered knowledge of Force Lance by Vehumet.
 12659 | Lair:3   | Identified a +0 rod of destruction (9/9) (You found it on level 3 of the Lair of Beasts)
 12774 | Lair:3   | Noticed a komodo dragon
 12787 | Lair:3   | Killed a komodo dragon
 12893 | Lair:3   | Noticed Maud
 12993 | Lair:3   | Noticed a spiny frog
 12999 | Lair:3   | Killed a spiny frog
 12999 | Lair:3   | Reached skill level 13 in Spellcasting
 13061 | Lair:4   | Noticed an eight-headed hydra
 13077 | Lair:4   | Killed an eight-headed hydra
 13308 | Lair:3   | Killed Maud
 13349 | Lair:3   | Reached ***** piety under Vehumet
 13384 | Lair:3   | Killed Nergalle
 13384 | Lair:3   | Offered knowledge of Orb of Destruction by Vehumet.
 13404 | Lair:3   | Reached XP level 12. HP: 43/54 MP: 2/30
 13841 | Lair:5   | Noticed a five-headed hydra
 13923 | Lair:4   | Found a hole to the Spider Nest.
 13984 | Lair:4   | Reached skill level 14 in Spellcasting
 14295 | Lair:4   | Noticed an ice dragon
 14330 | Lair:5   | Noticed a death yak
 14350 | Lair:5   | Killed a death yak
 14377 | Lair:5   | Noticed a death yak
 14387 | Lair:5   | Learned a level 7 spell: Orb of Destruction
 14427 | Lair:8   | Entered Level 8 of the Lair of Beasts
 14530 | Lair:5   | Killed a five-headed hydra
 14704 | Lair:5   | Found a staircase to the Shoals.
 14940 | Lair:5   | Reached skill level 10 in Dodging
 15070 | Lair:5   | Noticed a death yak
 15073 | Lair:5   | Noticed a death yak
 15569 | Lair:5   | Killed a death yak
 15569 | Lair:5   | Killed a death yak
 15569 | Lair:5   | Reached skill level 1 in Slings
 15569 | Lair:5   | Reached skill level 15 in Spellcasting
 15809 | Lair:5   | Killed a death yak
 15809 | Lair:5   | Reached XP level 13. HP: 46/59 MP: 8/33
 16694 | Lair:7   | Reached skill level 15 in Stealth
 17958 | Lair:8   | Reached skill level 16 in Spellcasting
 18130 | Lair:8   | Offered knowledge of Ozocubu's Refrigeration by Vehumet.
 18300 | Lair:8   | Found a viscous altar of Jiyva.
 18300 | Lair:8   | Found a staircase to the Slime Pits.
 18958 | Lair:8   | Noticed an anaconda
 18965 | Lair:8   | Killed an anaconda
 18973 | Lair:8   | Noticed a dire elephant
 18973 | Lair:8   | Noticed a dire elephant
 18981 | Lair:8   | Noticed a dire elephant
 19036 | Lair:8   | Killed a dire elephant
 19203 | Lair:8   | Killed a dire elephant
 19203 | Lair:8   | Reached XP level 14. HP: 29/63 MP: 16/35
 19337 | Lair:8   | Killed a dire elephant
 19823 | Lair:2   | Learned a level 2 spell: Stoneskin
 19830 | Lair:2   | Learned a level 6 spell: Invisibility
 19923 | D:10     | Noticed Maurice
 19947 | D:10     | Killed Maurice
 20005 | D:10     | Noticed a gargoyle
 20020 | D:10     | Killed a gargoyle
 20449 | D:10     | Noticed an unseen horror
 20451 | D:10     | Noticed Harold
 20463 | D:10     | Killed an unseen horror
 20464 | D:10     | Killed Harold
 20464 | D:10     | Reached skill level 17 in Spellcasting
 20777 | D:11     | Noticed Erica
 20791 | D:11     | Killed Erica
 20927 | D:11     | Offered knowledge of Iskenderun's Battlesphere by Vehumet.
 20937 | D:11     | Learned a level 6 spell: Poisonous Cloud
 21509 | D:12     | Found a staircase to the Orcish Mines.
 22035 | Orc:1    | Entered Level 1 of the Orcish Mines
 22192 | Orc:1    | Reached skill level 1 in Evocations
 22491 | Orc:3    | Found a staircase to the Elven Halls.
 22682 | Orc:2    | Found a bloodstained altar of Trog.
 22761 | Orc:3    | Reached ****** piety under Vehumet
 22838 | Orc:3    | Found a flagged portal.
 22846 | Bailey   | Entered a bailey
 23343 | Orc:3    | Found Seadawyu's Food Emporium.
 23364 | Orc:4    | Entered Level 4 of the Orcish Mines
 23488 | Orc:3    | Offered knowledge of Irradiate by Vehumet.
 23507 | Orc:4    | Noticed Snorg
 23525 | Orc:3    | Killed Snorg
 24875 | Orc:4    | Offered knowledge of Delayed Fireball by Vehumet.
 25673 | Orc:4    | Found Cuskek's Weapon Shop.
 25673 | Orc:4    | Found Uqeobbom's Magic Scroll Shop.
 25676 | Orc:4    | Found Mohauhac's Armour Boutique.
 25676 | Orc:4    | Found Benolioh's Book Boutique.
 25728 | Orc:4    | Bought a +2 cloak of poison resistance for 240 gold pieces
 25730 | Orc:4    | Bought a scroll of fear for 52 gold pieces
 25730 | Orc:4    | Bought a scroll of identify for 30 gold pieces
 25775 | Orc:4    | Bought a scroll of recharging for 142 gold pieces
 25775 | Orc:4    | Bought a scroll of recharging for 142 gold pieces
 25775 | Orc:4    | Bought a scroll of amnesia for 52 gold pieces
 26000 | Orc:1    | Learned a level 7 spell: Delayed Fireball
 26056 | D:12     | Noticed Azrael
 27093 | D:13     | Offered knowledge of Spellforged Servitor by Vehumet.
 27314 | D:13     | Found a gate to the Vaults.
 27666 | D:14     | Noticed Sonja
 27750 | D:13     | Reached skill level 18 in Spellcasting
 27750 | D:13     | Reached XP level 15. HP: 53/68 MP: 33/38
 28024 | D:14     | Killed Sonja
 28101 | D:15     | Entered Level 15 of the Dungeon
 28101 | D:15     | Found a shadowy altar of Dithmenos.
 28330 | D:14     | Reached skill level 5 in Short Blades
 28848 | D:14     | Reached skill level 5 in Evocations
 29328 | D:15     | Offered knowledge of Poison Arrow by Vehumet.
 29833 | D:15     | Found a staircase to the Depths.
 30537 | Lair:2   | Learned a level 6 spell: Poison Arrow
 30784 | Shoals:1 | Entered Level 1 of the Shoals
 31423 | Shoals:1 | Noticed a kraken
 32088 | Shoals:2 | Shot with an arrow by a satyr

Action                   |  1- 3 |  4- 6 |  7- 9 | 10-12 | 13-15 || total
-------------------------+-------+-------+-------+-------+-------++-------
Melee: Unarmed           |    27 |       |       |       |       ||    27
       Dagger            |    58 |    84 |   367 |   265 |   940 ||  1714
 Fire: Hunting sling     |       |       |       |    18 |    10 ||    28
 Cast: Sting             |    53 |   104 |   143 |    73 |   277 ||   650
       Mephitic Cloud    |       |    10 |    19 |    22 |    46 ||    97
       Confuse           |       |       |    45 |    29 |    84 ||   158
       Ensorcelled Hiber |       |       |    14 |    54 |   163 ||   231
       Venom Bolt        |       |       |     7 |    62 |   179 ||   248
       Dazzling Spray    |       |       |       |     7 |    39 ||    46
       Orb of Destructio |       |       |       |       |     8 ||     8
       Poisonous Cloud   |       |       |       |       |    17 ||    17
       Cure Poison       |       |       |       |       |     2 ||     2
       Invisibility      |       |       |       |       |     1 ||     1
       Poison Arrow      |       |       |       |       |    14 ||    14
  Use: Scroll            |       |     8 |     9 |     6 |    26 ||    49
       Potion            |       |       |     6 |       |     2 ||     8
 Stab: Sleeping          |     8 |    11 |    18 |    49 |   156 ||   242
       Confused          |       |     2 |    36 |    29 |    67 ||   134
       Distracted        |       |     1 |     3 |       |     5 ||     9
       Invisible         |       |       |       |     3 |    13 ||    16
  Eat: Bread ration      |       |     1 |       |     2 |     2 ||     5
       Fruit             |       |       |     2 |       |       ||     2
       Pizza             |       |       |     1 |       |       ||     1
       Royal jelly       |       |       |       |       |     1 ||     1
